 Dungeon Crawl Stone Soup version 0.21-a0-171-g0f4a3b6 (webtiles) character file.

0 Goblin1989 the Sneak (level 1, -1/10 HPs)
             Began as a Spriggan Assassin on Aug 7, 2017.
             Killed from afar by an orc wizard (7 damage)
             ... with a magic dart
             ... on level 4 of the Dungeon.
             The game lasted 00:04:11 (407 turns).

Goblin1989 the Sneak (Spriggan Assassin)             Turns: 407, Time: 00:04:12

Health: -1/10      AC:  3    Str:  7    XL:     1   Next: 0%
Magic:  2/2        EV: 17    Int: 12    God:
Gold:   66         SH:  0    Dex: 17    Spells: 0/0 levels left

rFire    . . .     SeeInvis +   a - +2 dagger
rCold    . . .     Gourm    .   (shield restricted)
rNeg     . . .     Faith    .   c - +0 robe
rPois    .         Spirit   .   (helmet restricted)
rElec    .         Reflect  .   d - +0 cloak
rCorr    .         Harm     .   (gloves unavailable)
MR       .....                  (boots unavailable)
Stlth    +++.......             (no amulet)
HPRegen  0.03/turn              (no ring)
MPRegen  0.08/turn              (no ring)

@: very quick
A: unfitting armour, see invisible, herbivore 3, speed 3, slow metabolism 2
a: no special abilities


You were on level 4 of the Dungeon.
You were not hungry.

You visited 1 branch of the dungeon, and saw 4 of its levels.
You also visited: Ossuary.

You collected 66 gold pieces.

Inventory:

Hand Weapons
 a - a +2 dagger (weapon)
 w - a +0 blowgun {@w1}
 F - a +0 trident
Missiles
 f - 2 curare-tipped needles
 g - 8 poisoned needles
 B - 13 stones (quivered)
Armour
 c - a +0 robe (worn)
 d - a +0 cloak (worn)
 C - a +0 large shield
Jewellery
 A - a +2 ring of evasion {unknown}
Scrolls
 y - a scroll of fog {unknown}
 z - 3 scrolls of teleportation {unknown}
 E - a scroll of remove curse {unknown}
Potions
 v - a potion of haste {unknown}
 D - a potion of brilliance {unknown}
 G - a potion of heal wounds {unknown}
Comestibles
 e - a bread ration {@e1}
 x - a royal jelly


   Skills:
 - Level 1.5 Fighting
 - Level 2.1 Short Blades
 - Level 2.0 Throwing
 - Level 1.5 Dodging
 + Level 5.8 Stealth


You couldn't memorise any spells.
You didn't know any spells.

Dungeon Overview and Level Annotations

Branches:
Dungeon (4/15)
 Temple: D:4-7

Altars:
Dithmenos
Hepliaklqana

Annotations:
D:3 exclusion: Grinder, Grinder
D:4 2 transporters


Innate Abilities, Weirdness & Mutations

You are very small and have problems with some larger weapons.
You are too small for most types of armour.
You have supernaturally acute eyesight. (SInv)
You are a herbivore.
You cover ground extremely quickly.
You need consume almost no food.


Message History

Unknown command.
Unknown command.
Unknown command.
Found a stone staircase leading down.
You see here 11 stones.
B - 13 stones (gained 11)
An adder comes into view.
There is a stone staircase leading down here.
You climb downwards.
You hear the hiss of flowing sand.
There is an entrance to an ossuary on this level.
Hurry and find it before the portal is buried!
There is a stone staircase leading up here.
Found a stone staircase leading up.
There is a stone staircase leading up here.
You climb upwards.
Level annotation: exclusion: Grinder, Grinder
There is a stone staircase leading down here.
You see here a viscous coppery potion.
D - a viscous coppery potion A gnoll comes into view.
It is wielding a whip.
Unknown command.
There is a stone staircase leading down here.
You climb downwards.
You hear the hiss of flowing sand.
There is an entrance to an ossuary on this level.
Hurry and find it before the portal is buried!
There is a stone staircase leading up here.
Unknown command.
There is a stone staircase leading up here. 2 jackals come into view. 2 jackals come into view.
Found an escape hatch in the ceiling.
You see here a scroll labeled KEGAOL MASTU.
E - a scroll labeled KEGAOL MASTU You see here 16 gold pieces.
You now have 44 gold pieces (gained 16).
You see here 10 gold pieces.
You now have 54 gold pieces (gained 10).
You open the door.
A mummy comes into view.
You hear the slow hiss of an avalanche of sand.
Found a sand-covered staircase.
There is an open door here.
An arrow shoots out and misses you.
There is an arrow trap here.
You hit the mummy but do no damage. The mummy misses you.
An arrow shoots out and hits you!
Ouch! That really hurt!
* * * LOW HITPOINT WARNING * * *
There is an arrow trap here.
You take 8 damage, and have 2/10 hp.
MASSIVE DAMAGE!!
There is an open door here.
Unknown command.
An arrow hits the mummy, but does no damage!
A giant cockroach comes into view.
There is an open door here.
There is a sand-covered staircase here.
An arrow hits the mummy, but does no damage!
The world spins around you as you enter the gateway.
You enter an ossuary!
Found a gate leading back out of this place.
There is an empty arch of ancient stone here.
You start resting.
A mummy opens the door.
You regained 2 hp, and now have 4/10 hp.
There is a gate leading back out of this place here.
Welcome back to the Dungeon!
The mummy closely misses you.
There is a collapsed entrance here.
Really walk into that arrow trap?
You avoid triggering an arrow trap.
The mummy barely misses you.
There is an arrow trap here.
There is an open door here.
You see here a scroll labeled ZENOM VEANWO.
z - 3 scrolls labeled ZENOM VEANWO (gained 1)
Found a hazy altar of Hepliaklqana.
The orc wizard shouts!
You see here a trident.
F - a trident You see here an emerald potion.
G - an emerald potion
Found a shadowy altar of Dithmenos.
You see here 12 gold pieces.
You now have 66 gold pieces (gained 12).
The adder hisses angrily.
An orc and an orc wizard come into view.
The orc shouts! 2 orcs come into view. 2 orcs come into view.
The orc wizard shouts!
The orc shouts!
An orc comes into view. It is wielding a morningstar.
An orc comes into view.
It is wielding a flail. 2 orcs come into view.
There is a transporter landing site here.
A giant cockroach comes into view.
The giant cockroach moves out of view.
The orc wizard jeers noisily, as Orcs often do.
The orc shouts!
The orc wizard casts a spell at you. The magic dart hits you!
Ouch! That really hurt!
You die...

...██o.█o█.......($█.██
..ooo.o..█.......?⌂█..██
██.oo...©█..©....$.█©..█
█..████..█.......[⌂█.o.█
. █..█.......?$█...█
█..█8.......8█o.██
█..██...©o.S██..█
█...█████████...█
█.█......@......█
████████.....██
█.██.██..███ █..o..█
█.h........█ █.....█
█h....?....█ █.....█
█.h........█ █.....█
█h.........█ █.....█
█..........█ ██.....█
█..........█ █<.....█


You could see 2 orc wizards, an adder and 2 orcs.

Vanquished Creatures (others)
  A mummy (D:4)
  A withered plant (Ossuary)
2 creatures vanquished.

Notes
Turn   | Place    | Note
-------+----------+-------------------------------------------
     0 | D:1      | Goblin1989 the Spriggan Assassin began the quest for the Orb.
     0 | D:1      | Reached XP level 1. HP: 10/10 MP: 2/2
   119 | D:3      | Noticed Grinder
   207 | D:4      | Found a sand-covered staircase.
   243 | Ossuary  | Entered an ossuary
   307 | D:4      | Found a transporter.
   311 | D:4      | Found a hazy altar of Hepliaklqana.
   311 | D:4      | Noticed an orc wizard
   317 | D:4      | Found a shadowy altar of Dithmenos.
   333 | D:4      | Found a transporter.
   343 | D:4      | Noticed an orc wizard
   407 | D:4      | Killed from afar by an orc wizard

Vault maps used:
D:1:      kennysheep_arrival_forest, roderic_serpentine_path,
          minmay_misc_feat_nine_boxes
D:2:      minivault_26
D:3:      lemuel_round_altar, uniq_jessica, uniq_grinder
D:4:      kennysheep_mini, gammafunk_temple_overflow_arena, temple_doors_e,
          gup_ossuary_entry_pyramid, corexii_hall_statues_x,
          nicolae_ashenzari_panopticon
Ossuary:  ossuary_zaba_flooded

Action                   || total
-------------------------++-------
Melee: Dagger            ||     2
Armor: Robe              ||     1
Dodge: Dodged            ||    11

Vault maps used:
D:1:      kennysheep_arrival_forest, roderic_serpentine_path,
          minmay_misc_feat_nine_boxes
D:2:      minivault_26
D:3:      lemuel_round_altar, uniq_jessica, uniq_grinder
D:4:      kennysheep_mini, gammafunk_temple_overflow_arena, temple_doors_e,
          gup_ossuary_entry_pyramid, corexii_hall_statues_x,
          nicolae_ashenzari_panopticon
Ossuary:  ossuary_zaba_flooded
